 Dungeon Crawl Stone Soup version 0.21-a0-110-g8e1637b (webtiles) character file.

313 Gorglomux the Chopper (level 6, -9/57 HPs)
             Began as a Hill Orc Chaos Knight on July 10, 2017.
             Mangled by a gnoll
             ... wielding a +0 halberd
              (10 damage)
             ... on level 4 of the Dungeon.
             The game lasted 00:04:54 (3326 turns).

Gorglomux the Chopper (Hill Orc Chaos Knight)       Turns: 3326, Time: 00:04:55

Health: -9/57      AC:  8    Str: 17    XL:     6   Next: 43%
Magic:  6/6        EV:  7    Int: 12    God:    Xom [......]
Gold:   227        SH:  0    Dex: 10    Spells: 5/5 levels left

rFire    . . .     SeeInvis +   a - +0 hand axe (chaos)
rCold    . . .     Gourm    .   (no shield)
rNeg     . . .     Faith    .   h - +0 chain mail
rPois    .         Spirit   .   (no helmet)
rElec    .         Reflect  .   (no cloak)
rCorr    .         Harm     .   (no gloves)
MR       .....                  (no boots)
Stlth    ..........             (no amulet)
HPRegen  0.19/turn              s - ring of see invisible
MPRegen  0.10/turn              (no ring)

@: no status effects
A: no striking features
a: Renounce Religion


You were on level 4 of the Dungeon.
You worshipped Xom.
You were a very special plaything of Xom.
You were not hungry.

You visited 1 branch of the dungeon, and saw 4 of its levels.

You collected 227 gold pieces.

Inventory:

Hand Weapons
 a - a +0 hand axe of chaos (weapon)
 t - a +0 broad axe
Armour
 b - a +2 leather armour
 h - a +0 chain mail (worn)
Jewellery
 s - a ring of see invisible (left hand)
Wands
 L - a wand of lightning (8/15)
Scrolls
 e - 2 scrolls of noise {unknown}
 f - 3 scrolls of remove curse {unknown}
 k - 3 scrolls of teleportation {unknown}
 o - a scroll of amnesia {unknown}
 q - a scroll of blinking {unknown}
 T - a scroll of fear {unknown}
 U - a scroll of immolation {unknown}
Potions
 i - a potion of brilliance
 Q - 2 potions of curing
 R - 2 potions of haste {unknown}
 S - a potion of lignification {unknown}
 V - a potion of berserk rage {unknown}
 X - a potion of mutation {!q}
Comestibles
 c - 3 bread rations
 z - 2 meat rations
 A - 4 fruits
 W - 7 chunks of flesh
 Y - a royal jelly


   Skills:
 + Level 6.3 Fighting
 + Level 7.2 Axes
 - Level 2.1 Armour
 - Level 0.7 Dodging


You had 5 spell levels left.
You didn't know any spells.

Dungeon Overview and Level Annotations

Branches:
Dungeon (4/15)
 Temple: D:4-7

Altars:
Ashenzari
Ru
Trog
Xom


Message History

The ooze is moderately wounded.
You hit the gnoll.
The gnoll is moving more slowly.
The ooze hits you but does no damage. The gnoll barely misses you.
The gnoll hits you but does no damage.
You hit the ooze. You burn the ooze.
The ooze is heavily wounded.
You hit the gnoll. Lightning courses through the gnoll!
You kill the gnoll!
The ooze hits you.
* * * LOW HITPOINT WARNING * * *
You hit the ooze.
You feel better.
The ooze is almost dead.
The gnoll hits you from afar with a halberd!
* * * LOW HITPOINT WARNING * * *
The ooze hits you.
* * * LOW HITPOINT WARNING * * *
You slash the ooze!
You kill the ooze!
The gnoll hits you from afar with a halberd!
You die...

#.............###
#.##.............
#.##.........####
#.##......<..# # #
#.##..##.##### . #.
#.###.##.# . ##.#
#.###.#..# .
####...######........#
..
+.........g)@......>..
####...###.######....#
#..# #.# #...## #..
#.# ## #. #.# #. #.# .
#.# .. #.#


You could see a gnoll.

Vanquished Creatures
  A killer bee (D:3)
  2 orc wizards (D:3)
  4 gnolls (D:4)
  5 adders (D:3)
  3 oozes
  A worm (D:4)
  7 leopard geckos
  8 orcs
  6 bats
  7 giant cockroaches
  11 goblins
  11 hobgoblins
  14 jackals
  5 kobolds
  A quokka (D:2)
  2 ball pythons
  6 frilled lizards
  5 rats
99 creatures vanquished.

Notes
Turn   | Place    | Note
-------+----------+-------------------------------------------
     0 | D:1      | Gorglomux the Hill Orc Chaos Knight began the quest for the Orb.
     0 | D:1      | Reached XP level 1. HP: 19/19 MP: 1/1
    62 | D:1      | Reached XP level 2. HP: 17/27 MP: 2/2
   407 | D:1      | Reached XP level 3. HP: 26/33 MP: 3/3
   434 | D:1      | Reached skill level 5 in Axes
   824 | D:1      | XOM: harmless Necr miscast
   956 | D:1      | XOM: mild Air miscast
   969 | D:1      | XOM: summons 2 hostile shadow creatures
  1148 | D:2      | Reached XP level 4. HP: 41/41 MP: 4/4
  1218 | D:2      | XOM: mild Hex miscast
  1257 | D:2      | XOM: snakes to sticks
  1298 | D:2      | XOM: cloud trail
  1778 | D:2      | XOM: harmless Summ miscast
  1789 | D:3      | XOM: cast spell 'Cause Fear'
  1792 | D:3      | XOM: polymorph dart slug -> ball python
  2008 | D:3      | Reached XP level 5. HP: 45/48 MP: 5/5
  2058 | D:3      | Reached skill level 6 in Axes
  2060 | D:3      | XOM: polymorph orc -> kobold
  2099 | D:3      | Found a transporter.
  2103 | D:3      | Found a bloodstained altar of Trog.
  2103 | D:3      | Found a transporter.
  2281 | D:3      | HP: 2/49 [poisoned by a killer bee]
  2289 | D:3      | HP: 1/49 [poisoned by a killer bee]
  2379 | D:3      | XOM: god gift: ring mail {god gift}
  2511 | D:3      | XOM: scenery: create altars
  2661 | D:3      | Found a sacrificial altar of Ru.
  2727 | D:3      | Reached XP level 6. HP: 55/57 MP: 6/6
  2912 | D:3      | Found a shattered altar of Ashenzari.
  2933 | D:3      | Reached skill level 6 in Fighting
  3104 | D:3      | Reached skill level 7 in Axes
  3156 | D:4      | XOM: harmless Fire miscast
  3325 | D:4      | HP: 2/57 [gnoll/halberd (12)]
  3326 | D:4      | Mangled by a gnoll

Vault maps used:
D:1:      sevenhm_arrival_forest_fort_small_6
D:3:      old_standard_altar, gammafunk_temple_overflow_arena,
          nicolae_ru_sacrificial_ziggurat, serial_park_tiny_1,
          minmay_misc_feat_rows
D:4:      uniq_blork_the_orc

Skill      XL: |  1  2  3  4  5  6 |
---------------+-------------------+-----
Fighting       | 4 5 6 |  6.3
Axes           | 5 6 7 |  7.2
Armour         | |  2.1
Dodging        | |  0.7

Action                   |  1- 3 |  4- 6 || total
-------------------------+-------+-------++-------
Melee: Hand axe          |   168 |   234 ||   402
  Use: Scroll            |       |     4 ||     4
 Stab: Petrified         |       |     6 ||     6
       Paralysed         |       |     4 ||     4
       Confused          |       |     1 ||     1
  Eat: Chunk             |     1 |     7 ||     8
Armor: Leather armour    |    42 |       ||    42
       Chain mail        |    88 |   128 ||   216
Dodge: Dodged            |    89 |    80 ||   169
